 Dungeon Crawl Stone Soup version bcrawl-1.12-10-g10a67aac0f (webtiles) character file.

Game seed: 3354155254802593020

30481 MisterOstroum the Nimble (level 13, -7/104 HPs)
             Began as a Gnoll Reaver on June 15, 2019.
             Was an Elder of Vehumet.
             Mangled by a death yak (12 damage)
             ... on level 4 of the Lair of Beasts on June 16, 2019.
             The game lasted 01:22:04 (24612 turns).

MisterOstroum the Nimble (Gnoll Reaver)            Turns: 24612, Time: 01:22:04

Health: -7/104     AC: 15    Str: 14    XL:     13   Next: 52%
Magic:  7/26       EV: 18    Int: 24    God:    Vehumet [****..]
Gold:   1188       SH:  0    Dex: 18    Spells: 3/31 levels left

rFire    + . .     SeeInvis .   f - +2 halberd (protect)
rCold    . . .     Gourm    .   (shield currently unavailable)
rNeg     . . .     Faith    .   U - +0 ring mail of Temperance {Int+2}
rPois    +         Spirit   .   S - +2 hat
rElec    +         Reflect  .   T - +2 cloak
rCorr    .         Harm     .   P - +1 pair of gloves
MR       .....                  B - +0 pair of boots
Stlth    +++.......             (no amulet)
HPRegen  0.27/turn              h - ring of wizardry
MPRegen  0.20/turn              Q - ring "Wevuv" {rElec rPois rF+ Int+2 Dex+3}

@: no status effects
A: distributed training, fangs 1, strong nose
a: Renounce Religion


You were on level 4 of the Lair of Beasts.
You worshipped Vehumet.
Vehumet was greatly pleased with you.
You were not hungry.

You visited 3 branches of the dungeon, and saw 15 of its levels.
You also visited: Sewer and Ossuary.

You collected 1188 gold pieces.

Inventory:

Hand Weapons
 a - a +0 trident
 f - a +2 halberd of protection (weapon)
 w - a +2 dagger of chaos
Missiles
 l - 2551 stones (quivered)
Armour
 b - +0 steam dragon scales
 m - a +0 buckler
 q - a +0 plate armour
 B - a +0 pair of boots (worn)
 P - a +1 pair of gloves (worn)
 S - a +2 hat (worn)
 T - a +2 cloak (worn)
 U - the +0 ring mail of Temperance (worn) {Int+2}
   (You found it on level 4 of the Lair of Beasts)

   It affects your intelligence (+2).
Jewellery
 h - a ring of wizardry (left hand)
 t - an uncursed ring of stealth
 I - a +3 ring of evasion
 J - an uncursed ring of ice
 Q - the ring "Wevuv" (right hand) {rElec rPois rF+ Int+2 Dex+3}
   (You found it on level 3 of the Lair of Beasts)

   [ring of dexterity]

   It affects your intelligence (+2).
   It affects your dexterity (+3).
   It protects you from fire.
   It insulates you from electricity.
   It protects you from poison.
Wands
 s - a wand of digging (25)
 u - a wand of flame (34)
 v - a wand of polymorph (7)
 G - a wand of scattershot (3)
 M - a wand of iceblast (4)
 R - a wand of enslavement (17)
Scrolls
 d - a scroll of immolation
 k - 5 scrolls of identify {@r1}
 x - 5 scrolls of remove curse {@r2}
 y - 7 scrolls of teleportation {@r3 !r}
 A - a scroll of fog {!r}
 D - 2 scrolls of amnesia
 F - 3 scrolls of blinking {@r4}
 L - 5 scrolls of enchant weapon
 N - a scroll of vulnerability {unknown}
 V - a scroll of fear {!r}
 X - a scroll of enchant armour
Potions
 c - 4 potions of haste {@q4 !q}
 g - 8 potions of curing {@q1 !q}
 i - 3 potions of agility {@q5 !q}
 j - 2 potions of mutation
 n - 6 potions of flight
 o - 2 potions of berserk rage {unknown}
 p - 3 potions of heal wounds
 r - 5 potions of might {@q3 !q}
 z - 3 potions of lignification
 C - a potion of degeneration {unknown}
 E - a potion of resistance {unknown}
 H - 2 potions of magic {unknown}
 K - a potion of cancellation {unknown}
 O - a potion of brilliance {unknown}
Miscellaneous
 W - a lamp of fire
Comestibles
 e - 19 rations {!d}


   Skills:
 + Level 10.4 Fighting
 + Level 8.2 Short Blades
 + Level 8.2 Long Blades
 + Level 8.2 Axes
 + Level 8.2 Maces & Flails
 + Level 10.4 Polearms
 + Level 8.2 Staves
 + Level 8.2 Slings
 + Level 8.2 Bows
 + Level 8.2 Crossbows
 + Level 8.2 Throwing
 + Level 8.2 Armour
 + Level 10.4 Dodging
 + Level 8.2 Stealth
 + Level 8.2 Shields
 + Level 8.2 Unarmed Combat
 + Level 9.6 Spellcasting
 + Level 6.8 Conjurations
 + Level 6.8 Hexes
 + Level 6.8 Charms
 + Level 6.8 Summonings
 + Level 6.8 Necromancy
 + Level 6.8 Translocations
 + Level 6.8 Transmutations
 + Level 6.8 Fire Magic
 + Level 6.8 Ice Magic
 + Level 6.8 Air Magic
 + Level 6.8 Earth Magic
 + Level 6.8 Poison Magic
 + Level 9.0 Invocations
 + Level 8.2 Evocations


You had 3 spell levels left.
You knew the following spells:

 Your Spells              Type           Power        Failure   Level  Hunger
a - Flame Tongue          Conj/Fire      #####        1%          1    None
b - Iskenderun's Mystic   Conj           #####...     1%          3    None
c - Static Discharge      Conj/Air       #####...     1%          3    None
d - Ignite Poison         Fire/Tmut/Pois #####...     1%          3    None
e - Slow                  Hex            #####...     1%          1    None
f - Blink                 Tloc           N/A          1%          2    None
g - Iskenderun's Battles  Conj/Chrm      #####...     1%          5    ####...
h - Shock                 Conj/Air       ####         1%          1    None
i - Airstrike             Air            #####.....   1%          4    #......
j - Lightning Bolt        Conj/Air       #####.....   1%          5    ####...

Your spell library contained the following spells:

 Spells                   Type           Power        Failure   Level  Hunger
 Sticky Flame             Conj/Fire      #####...     1%          4    #......
 Magic Dart               Conj           ####         1%          1    None
 Summon Small Mammal      Summ           ####         1%          1    None
 Call Imp                 Summ           #####...     1%          2    None
 Swiftness                Chrm/Air       #####...     1%          2    None
 Call Canine Familiar     Summ           #####...     1%          3    None
 Conjure Flame            Conj/Fire      #####...     1%          3    None
 Mephitic Cloud           Conj/Pois/Air  #####...     1%          3    None
 Summon Ice Beast         Ice/Summ       #####...     2%          4    #......
 Summon Lightning Spire   Summ/Air       #####...     6%          5    ####...


Dungeon Overview and Level Annotations

Branches:
Dungeon (9/12)             Temple (1/1) D:4            Lair (5/6) D:7
  Swamp (0/3) Lair:2        Snake (0/3) Lair:2        Slime (0/5) Lair:5
    Orc: D:8-11

Altars:
Ashenzari
Cheibriados
Dithmenos
Elyvilon
Fedhas
Gozag
Hepliaklqana
Kikubaaqudgha
Lugonu
Makhleb
Nemelex Xobeh
Okawaru
Qazlal
Ru
Trog
Uskayaw
Vehumet
Wu Jian
Xom
The Shining One

Shops:
D:8 *

Annotations:
D:5 2 runed translucent doors, exclusion: 2 doors, EnegeticOcto's ghost, novice MiSA
D:6 Prince Ribbit


Innate Abilities, Weirdness & Mutations

Your experience applies equally to all skills.
You have very sharp teeth.
Your uncanny sense of smell can sniff out nearby items.


Message History

Confirm with . or Enter, or press ? or * to list all spells.
You can't see any susceptible monsters within range! (Use Z to cast anyway.)
Casting: Static Discharge (safe; 1% risk of failure)
Confirm with . or Enter, or press ? or * to list all spells.
You can't see any susceptible monsters within range! (Use Z to cast anyway.)
There is a stone staircase leading down here.
You start resting.
Magic restored.
HP restored.
You climb downwards.
The death yak closely misses you.
The death yak gores you but does no damage.
The death yak gores you!
There is a stone staircase leading up, spattered with blood here.
Casting: Static Discharge (safe; 1% risk of failure)
Confirm with . or Enter, or press ? or * to list all spells.
The death yak is struck by an arc of lightning.
The death yak is lightly wounded.
You resist.
You are struck by an arc of lightning.
The death yak is struck by an arc of lightning!
The death yak is lightly wounded.
The lightning grounds out.
The death yak gores you!! The death yak completely misses you.
The death yak completely misses you. The death yak gores you!
Casting: Static Discharge (safe; 1% risk of failure)
Confirm with . or Enter, or press ? or * to list all spells.
The death yak is struck by an arc of lightning!
The death yak is lightly wounded.
You resist.
You are struck by an arc of lightning.
The death yak is struck by an arc of lightning!
The death yak is lightly wounded.
You resist.
You are struck by an arc of lightning.
The lightning grounds out.
The death yak misses you.
The death yak gores you but does no damage.
The death yak gores you. The death yak gores you!
Casting: Static Discharge (safe; 1% risk of failure)
Confirm with . or Enter, or press ? or * to list all spells.
The death yak is struck by an arc of lightning!
The death yak is moderately wounded.
You resist.
You are struck by an arc of lightning.
The lightning grounds out.
The death yak is struck by an arc of lightning!
The death yak is moderately wounded.
The lightning grounds out.
The death yak misses you. The death yak closely misses you.
The death yak barely misses you. The death yak gores you.
Casting: Static Discharge (safe; 1% risk of failure)
Confirm with . or Enter, or press ? or * to list all spells.
The death yak is struck by an arc of lightning.
The death yak is moderately wounded.
The lightning grounds out.
The death yak is struck by an arc of lightning!
The death yak is moderately wounded.
The lightning grounds out.
The death yak closely misses you. The death yak gores you.
The death yak gores you but does no damage.
The death yak closely misses you.
Casting: Static Discharge (safe; 1% risk of failure)
Confirm with . or Enter, or press ? or * to list all spells.
The death yak is struck by an arc of lightning!
The death yak is heavily wounded.
You resist.
You are struck by an arc of lightning.
The death yak is struck by an arc of lightning!
The death yak is heavily wounded.
The lightning grounds out.
The death yak is struck by an arc of lightning!
The death yak is heavily wounded.
You resist.
You are struck by an arc of lightning.
The death yak is struck by an arc of lightning.
The death yak is heavily wounded.
The lightning grounds out.
The death yak misses you. The death yak completely misses you.
The death yak gores you!
* * * LOW HITPOINT WARNING * * *
The death yak closely misses you.
Casting: Static Discharge (safe; 1% risk of failure)
Confirm with . or Enter, or press ? or * to list all spells.
The death yak is struck by an arc of lightning!
The death yak is heavily wounded.
You resist.
You are struck by an arc of lightning.
* * * LOW HITPOINT WARNING * * *
The death yak is struck by an arc of lightning.
The death yak is heavily wounded.
You resist.
You are struck by an arc of lightning.
The death yak gores you but does no damage.
The death yak completely misses you. The death yak gores you!!
* * * LOW HITPOINT WARNING * * *
The death yak gores you but does no damage.
Casting: Static Discharge (safe; 1% risk of failure)
Confirm with . or Enter, or press ? or * to list all spells.
The death yak is struck by an arc of lightning!
The death yak is severely wounded.
You resist.
You are struck by an arc of lightning.
The death yak is struck by an arc of lightning.
The death yak is severely wounded.
The lightning grounds out.
The death yak is struck by an arc of lightning!
The death yak is severely wounded.
The lightning grounds out.
The death yak completely misses you. The death yak gores you!
You die...

.................................
................................P
.................................
..............Y.Y........##P#..#.
...............Y.........P###.###
......†...........PPP....##.....#
...#.P#........###+P.....##.....#
#....##.......#Y#Y.#.....##...Y..
......#.......##@..##....##...YYY
..............+....##....P#...>.#
.....#........#....#.....##.....#
#.....#...........###.....#.#..##
##.#..#........P.##P#....#.#.+###
#P+#.#.................[.........
.................................
.................................
.......[.........................


You could see 2 death yaks.

Vanquished Creatures
  4 hydras
  A two-headed ogre (D:8)
  6 death yaks
  Pikel (Temple)
  6 elephants
  2 black mambas (Lair:5)
  9 cane toads
  5 komodo dragons
  3 rime drakes (Lair:4)
  A jumping spider (Lair:4)
  7 blink frogs
  5 dream sheep (Lair:5)
  2 bog bodies (Lair:2)
  4 hippogriffs
  28 yaks
  3 hogs (D:7)
  Sigmund (D:6)
  2 steam dragons (Lair:2)
  A human (D:7)
  Menkaure (Ossuary)
  3 basilisks
  An acid dragon (Lair:2)
  11 porcupines
  6 water moccasins
  2 orc warriors
  A black bear (D:6)
  2 ice beasts
  2 sky beasts
  5 ogres
  5 wolves
  11 crocodiles
  3 centaurs
  11 bullfrogs
  A water moccasin skeleton (D:6)
  A scorpion (D:8)
  A troll zombie (Ossuary)
  A wyvern skeleton (D:7)
  An electric eel (Lair:1)
  5 crimson imps
  4 centaur zombies
  A quasit (D:9)
  3 hounds
  5 orc wizards
  2 bullfrog zombies
  A human zombie (Ossuary)
  2 orc priests
  A gnoll shaman (D:5)
  4 iguanas
  Jessica (D:2)
  Ijyb (D:4)
  9 worker ants
  A big kobold zombie (Ossuary)
  2 ogre zombies (Ossuary)
  3 hound skeletons
  6 mummies (Ossuary)
  4 adders
  7 gnolls
  4 shadow imps
  5 oozes
  2 adder zombies
  11 worms
  A dart slug (D:3)
  8 leopard geckos
  23 orcs
  9 giant cockroaches
  A gnoll zombie (Ossuary)
  7 goblins
  10 hobgoblins
  15 jackals
  5 quokkas
  2 ball pythons
  16 bats
  4 frilled lizards
  4 goblin zombies (Ossuary)
  3 hobgoblin zombies (Ossuary)
  A jackal skeleton (D:5)
  11 kobolds
  4 kobold zombies (Ossuary)
  An orc zombie (Ossuary)
  3 quokka zombies (Ossuary)
  9 rats
  6 rat zombies (Ossuary)
387 creatures vanquished.

Vanquished Creatures (others)
  A bullfrog (D:4)
  A crimson imp (D:4)
  A gnoll (D:4)
  A bush (Lair:5)
  10 fungi
  20 plants
34 creatures vanquished.

Grand Total: 421 creatures vanquished

Notes
Turn   | Place    | Note
-------+----------+-------------------------------------------
     0 | D:1      | MisterOstroum the Gnoll Reaver began the quest for the Orb.
     0 | D:1      | Reached XP level 1. HP: 23/23 MP: 6/6
   120 | D:1      | Reached XP level 2. HP: 29/29 MP: 7/7
   227 | D:1      | Reached * piety under Vehumet
   227 | D:1      | Offered knowledge of Shock by Vehumet.
   230 | D:1      | Learned a level 1 spell: Shock
   495 | D:1      | Reached XP level 3. HP: 35/35 MP: 5/9
   732 | D:2      | Noticed Jessica
   737 | D:2      | Killed Jessica
   737 | D:2      | Reached skill level 5 in Spellcasting
   737 | D:2      | Reached skill level 1 in Invocations
   740 | D:2      | Reached skill level 1 in Short Blades
   740 | D:2      | Reached skill level 1 in Long Blades
   740 | D:2      | Reached skill level 1 in Axes
   740 | D:2      | Reached skill level 1 in Maces & Flails
   740 | D:2      | Reached skill level 1 in Staves
   740 | D:2      | Reached skill level 1 in Slings
   740 | D:2      | Reached skill level 1 in Bows
   740 | D:2      | Reached skill level 1 in Crossbows
   740 | D:2      | Reached skill level 1 in Throwing
   740 | D:2      | Reached skill level 1 in Armour
   740 | D:2      | Reached skill level 1 in Stealth
   740 | D:2      | Reached skill level 1 in Shields
   740 | D:2      | Reached skill level 1 in Unarmed Combat
   740 | D:2      | Reached skill level 1 in Evocations
   800 | D:2      | Reached XP level 4. HP: 41/41 MP: 4/11
  1708 | D:2      | Reached skill level 1 in Conjurations
  1708 | D:2      | Reached skill level 1 in Hexes
  1708 | D:2      | Reached skill level 1 in Charms
  1708 | D:2      | Reached skill level 1 in Summonings
  1708 | D:2      | Reached skill level 1 in Necromancy
  1708 | D:2      | Reached skill level 1 in Translocations
  1708 | D:2      | Reached skill level 1 in Transmutations
  1708 | D:2      | Reached skill level 1 in Fire Magic
  1708 | D:2      | Reached skill level 1 in Ice Magic
  1708 | D:2      | Reached skill level 1 in Air Magic
  1708 | D:2      | Reached skill level 1 in Earth Magic
  1708 | D:2      | Reached skill level 1 in Poison Magic
  2098 | D:3      | Found an iron altar of Okawaru.
  2132 | D:3      | Found an ancient bone altar of Kikubaaqudgha.
  2176 | D:3      | Reached ** piety under Vehumet
  2293 | D:3      | Found a stormy altar of Qazlal.
  2304 | D:3      | Offered knowledge of Flame Tongue by Vehumet.
  2399 | D:3      | Reached XP level 5. HP: 47/47 MP: 6/12
  2767 | D:3      | Learned a level 1 spell: Flame Tongue
  3328 | D:4      | Found a staircase to the Ecumenical Temple.
  3385 | D:4      | Reached XP level 6. HP: 51/53 MP: 1/13
  3408 | D:4      | Offered knowledge of Ignite Poison by Vehumet.
  3418 | D:4      | Learned a level 3 spell: Ignite Poison
  3584 | D:4      | Noticed Pikel
  3584 | D:4      | Noticed a slave
  3584 | D:4      | Noticed a slave
  3584 | D:4      | Noticed a slave
  3584 | D:4      | Noticed a slave
  3675 | D:4      | Noticed Ijyb
  4080 | D:5      | Entered Level 5 of the Dungeon
  4080 | D:5      | Found a runed translucent door.
  4082 | D:5      | Noticed EnegeticOcto's ghost (novice MiSA)
  4212 | D:5      | Found a runed translucent door.
  4218 | D:5      | Reached XP level 7. HP: 57/59 MP: 13/15
  4914 | Temple   | Entered the Ecumenical Temple
  5068 | Temple   | Killed Pikel
  5068 | Temple   | Reached XP level 8. HP: 32/67 MP: 5/17
  5330 | D:4      | Killed Ijyb
  6414 | D:6      | Reached *** piety under Vehumet
  6476 | D:6      | Found a radiant altar of Vehumet.
  6476 | D:6      | Noticed Sigmund
  6483 | D:6      | Killed Sigmund
  6568 | D:6      | Reached XP level 9. HP: 72/72 MP: 13/18
  6662 | D:6      | Found a glowing drain.
  6781 | Sewer    | Entered a sewer
  6786 | Sewer    | Offered knowledge of Yara's Violent Unravelling by Vehumet.
  7760 | D:6      | Found a burning altar of Makhleb.
  7839 | D:6      | Noticed Prince Ribbit
  8051 | D:6      | Reached **** piety under Vehumet
  8816 | D:7      | Reached skill level 5 in Invocations
  8825 | D:7      | Reached XP level 10. HP: 74/80 MP: 11/20
  8829 | D:7      | Offered knowledge of Iskenderun's Mystic Blast by Vehumet.
  8925 | D:7      | Found a staircase to the Lair.
  8974 | D:7      | Reached skill level 5 in Short Blades
  8974 | D:7      | Reached skill level 5 in Long Blades
  8974 | D:7      | Reached skill level 5 in Axes
  8974 | D:7      | Reached skill level 5 in Maces & Flails
  8974 | D:7      | Reached skill level 5 in Staves
  8974 | D:7      | Reached skill level 5 in Slings
  8974 | D:7      | Reached skill level 5 in Bows
  8974 | D:7      | Reached skill level 5 in Crossbows
  8974 | D:7      | Reached skill level 5 in Throwing
  8974 | D:7      | Reached skill level 5 in Armour
  8974 | D:7      | Reached skill level 5 in Stealth
  8974 | D:7      | Reached skill level 5 in Shields
  8974 | D:7      | Reached skill level 5 in Unarmed Combat
  8974 | D:7      | Reached skill level 5 in Evocations
  9097 | D:7      | Found an opulent altar of Gozag.
  9862 | D:7      | Found a glowing golden altar of the Shining One.
 10141 | D:7      | Found a corrupted altar of Lugonu.
 10279 | D:8      | Found Luust's Assorted Antiques.
 10286 | D:8      | Learned a level 3 spell: Iskenderun's Mystic Blast
 10288 | D:8      | Learned a level 1 spell: Slow
 10291 | D:8      | Learned a level 2 spell: Blink
 10496 | D:8      | Found a sand-covered staircase.
 10500 | Ossuary  | Entered an ossuary
 10947 | Ossuary  | Noticed Menkaure
 10992 | Ossuary  | Reached ***** piety under Vehumet
 11003 | Ossuary  | Offered knowledge of Sticky Flame by Vehumet.
 11022 | Ossuary  | Learned a level 5 spell: Iskenderun's Battlesphere
 11093 | Ossuary  | Killed Menkaure
 11601 | D:8      | Reached XP level 11. HP: 62/87 MP: 17/22
 11732 | D:8      | Found a snail-covered altar of Cheibriados.
 11794 | D:8      | Noticed a two-headed ogre
 11809 | D:8      | Killed a two-headed ogre
 12238 | D:9      | Noticed an orc knight
 12459 | Lair:1   | Entered Level 1 of the Lair of Beasts
 12779 | Lair:1   | Reached skill level 5 in Conjurations
 12779 | Lair:1   | Reached skill level 5 in Hexes
 12779 | Lair:1   | Reached skill level 5 in Charms
 12779 | Lair:1   | Reached skill level 5 in Summonings
 12779 | Lair:1   | Reached skill level 5 in Necromancy
 12779 | Lair:1   | Reached skill level 5 in Translocations
 12779 | Lair:1   | Reached skill level 5 in Transmutations
 12779 | Lair:1   | Reached skill level 5 in Fire Magic
 12779 | Lair:1   | Reached skill level 5 in Ice Magic
 12779 | Lair:1   | Reached skill level 5 in Air Magic
 12779 | Lair:1   | Reached skill level 5 in Earth Magic
 12779 | Lair:1   | Reached skill level 5 in Poison Magic
 15179 | Lair:2   | Found a staircase to the Snake Pit.
 15939 | Lair:2   | Found a staircase to the Swamp.
 16060 | Lair:1   | HP: 4/89 [poisoned by a water moccasin]
 16066 | Lair:1   | HP: 4/89 [poisoned by a water moccasin]
 16072 | Lair:1   | HP: 4/89 [poisoned by a water moccasin]
 16596 | Lair:2   | Reached XP level 12. HP: 96/96 MP: 13/24
 17490 | Lair:2   | Learned a level 3 spell: Static Discharge
 17495 | Lair:2   | Learned a level 4 spell: Airstrike
 17501 | Lair:2   | Learned a level 5 spell: Lightning Bolt
 18145 | Lair:3   | Noticed a four-headed hydra
 18161 | Lair:2   | Killed a four-headed hydra
 18528 | Lair:3   | Noticed a death yak
 18529 | Lair:3   | Noticed a death yak
 18529 | Lair:3   | Noticed a death yak
 18529 | Lair:3   | Noticed a death yak
 19095 | Lair:3   | Noticed a death yak
 19139 | Lair:3   | Noticed a death yak
 19301 | Lair:3   | Got a pitted pewter ring
 19303 | Lair:3   | Identified the ring "Wevuv" {rElec rPois rF+ Int+2 Dex+3}
                  | (You found it on level 3 of the Lair of Beasts)
 19910 | Lair:3   | Killed a death yak
 20156 | Lair:3   | Killed a death yak
 20532 | Lair:4   | Got a smoking ring mail
 20833 | Lair:3   | Reached skill level 10 in Fighting
 20833 | Lair:3   | Reached skill level 10 in Polearms
 20833 | Lair:3   | Reached skill level 10 in Dodging
 21853 | Lair:4   | Noticed a seven-headed hydra
 21861 | Lair:4   | Killed a seven-headed hydra
 21861 | Lair:4   | Reached XP level 13. HP: 103/103 MP: 16/26
 23185 | Lair:5   | Identified the +0 ring mail of Temperance {Int+2} (You
                  | found it on level 4 of the Lair of Beasts)
 23317 | Lair:5   | Found a staircase to the Slime Pits.
 24611 | Lair:4   | HP: 4/104 [death yak (21)]
 24612 | Lair:4   | Mangled by a death yak

Skill      XL: |  1  2  3  4  5  6  7  8  9 10 11 12 13 |
---------------+----------------------------------------+-----
Spellcasting   | 5 6 7 8 9 |  9.6
Invocations    | 1 2 3 4 5 6 7 8 9 |  9.0
Short Blades   | 1 2 3 4 5 6 7 8 |  8.2
Long Blades    | 1 2 3 4 5 6 7 8 |  8.2
Axes           | 1 2 3 4 5 6 7 8 |  8.2
Maces & Flails | 1 2 3 4 5 6 7 8 |  8.2
Staves         | 1 2 3 4 5 6 7 8 |  8.2
Slings         | 1 2 3 4 5 6 7 8 |  8.2
Bows           | 1 2 3 4 5 6 7 8 |  8.2
Crossbows      | 1 2 3 4 5 6 7 8 |  8.2
Throwing       | 1 2 3 4 5 6 7 8 |  8.2
Armour         | 1 2 3 4 5 6 7 8 |  8.2
Stealth        | 1 2 3 4 5 6 7 8 |  8.2
Shields        | 1 2 3 4 5 6 7 8 |  8.2
Unarmed Combat | 1 2 3 4 5 6 7 8 |  8.2
Evocations     | 1 2 3 4 5 6 7 8 |  8.2
Conjurations   | 1 2 3 4 5 6 |  6.8
Hexes          | 1 2 3 4 5 6 |  6.8
Charms         | 1 2 3 4 5 6 |  6.8
Summonings     | 1 2 3 4 5 6 |  6.8
Necromancy     | 1 2 3 4 5 6 |  6.8
Translocations | 1 2 3 4 5 6 |  6.8
Transmutations | 1 2 3 4 5 6 |  6.8
Fire Magic     | 1 2 3 4 5 6 |  6.8
Ice Magic      | 1 2 3 4 5 6 |  6.8
Air Magic      | 1 2 3 4 5 6 |  6.8
Earth Magic    | 1 2 3 4 5 6 |  6.8
Poison Magic   | 1 2 3 4 5 6 |  6.8
Fighting       | 7 8 9 10 | 10.4
Polearms       | 7 8 9 10 | 10.4
Dodging        | 7 8 9 10 | 10.4

Action                   |  1- 3 |  4- 6 |  7- 9 | 10-12 | 13-15 || total
-------------------------+-------+-------+-------+-------+-------++-------
Melee: Trident           |    67 |   141 |     2 |       |    56 ||   266
       Bite              |     5 |    12 |    13 |    40 |    20 ||    90
       Punch             |       |     1 |       |       |       ||     1
       Halberd           |       |       |    98 |   302 |    40 ||   440
       Dagger            |       |       |       |    57 |    27 ||    84
Throw: Stone             |       |    23 |    22 |     8 |       ||    53
 Cast: Shock             |    21 |   154 |   197 |   219 |       ||   591
       Flame Tongue      |       |    48 |   156 |   283 |    49 ||   536
       Blink             |       |       |       |    23 |     2 ||    25
       Iskenderun's Myst |       |       |       |    87 |    21 ||   108
       Static Discharge  |       |       |       |    33 |    38 ||    71
       Lightning Bolt    |       |       |       |    25 |       ||    25
       Iskenderun's Batt |       |       |       |     2 |       ||     2
Evoke: Wand              |       |       |       |     3 |     2 ||     5
  Use: Scroll            |       |     2 |     5 |    13 |       ||    20
       Potion            |       |       |     1 |     4 |       ||     5
 Stab: Sleeping          |     2 |     2 |     1 |     6 |     1 ||    12
       Distracted        |       |       |     1 |       |       ||     1
       Paralysed         |       |       |       |     2 |     1 ||     3
       Confused          |       |       |       |       |     1 ||     1
  Eat: Chunk             |       |    10 |    11 |    26 |     2 ||    49
       Ration            |       |       |     1 |     6 |     2 ||     9
Armor: Steam dragon scal |    13 |    34 |    64 |   128 |    25 ||   264
       Skin              |       |       |       |     9 |       ||     9
       Plate armour      |       |       |       |    19 |       ||    19
       Ring mail         |       |       |       |       |    39 ||    39
Dodge: Dodged            |    35 |   155 |   259 |   631 |   143 ||  1223
Block: Buckler           |       |       |       |    66 |    19 ||    85
